 Dungeon Crawl Stone Soup version 0.29.0-15-g675c0067aa (webtiles) character file.

Game seed: 11247319589950088438

16279 Doot the Thaumaturge (level 12, -5/72 HPs)
             Began as an Octopode Hedge Wizard on Sept 10, 2022.
             Was a High Priest of Sif Muna.
             Slain by a three-headed hydra simulacrum (14 damage)
             ... in an ice cave.
             The game lasted 00:46:07 (18016 turns).

Doot the Thaumaturge (Octopode Hedge Wizard)       Turns: 18016, Time: 00:46:07

Health: -5/72      AC: 13    Str: 10    XL:     12   Next: 35%
Magic:  27/35      EV: 14    Int: 24    God:    Sif Muna [*****.]
Gold:   705        SH:  5    Dex: 11    Spells: 6/31 levels left

rFire   + . .      SeeInvis .   Q - +5 mace of the Unseen Realm {venom, Int+3}
rCold   + . .      Faith    .   (no shield)
rNeg    . . .      Spirit   .   b - +0 hat
rPois   +          Reflect  +   N - amulet of reflection
rElec   .          Harm     .   x - ring of flight
rCorr   .          Rampage  .   m - +4 ring of protection
Will    .....                   E - +4 ring of protection
Stlth   ++++......              u - +4 ring of protection
HPRegen 0.22/turn               L - ring of magical power
MPRegen 0.24/turn               I - ring of protection from cold
                                P - ring of protection from fire
                                (no ring)

@: flying, very slightly contaminated
A: almost no armour, amphibious, 8 rings, camouflage 1, gelatinous body 1,
(nimble swimmer 1), tentacles, poison resistance, MP-powered wands
a: Renounce Religion, Channel Magic, Forget Spell, Divine Exegesis


You were in an ice cave.
You worshipped Sif Muna.
Sif Muna was extremely pleased with you.
You visited 2 branches of the dungeon, and saw 12 of its levels.
You also visited: Ossuary, Bailey and Ice Cave.

You collected 913 gold pieces.
You spent 208 gold pieces at shops.

Inventory:

Hand Weapons
 a - a +0 dagger
 k - a +1 dagger of freezing
 t - a +2 dagger of venom
 v - a +2 short sword of flaming
 Q - the +5 mace of the Unseen Realm (weapon) {venom, Int+3}
   (You bought it in a shop on level 9 of the Dungeon)

   It poisons the flesh of those it strikes.
   Int:       It affects your intelligence (+3).
 T - a +3 dagger of protection
Armour
 b - a +0 hat (worn)
 G - a +0 kite shield
Magical Staves
 i - a staff of death
Jewellery
 m - a +4 ring of protection (right tentacle)
 u - a +4 ring of protection (on tentacle)
 x - a ring of flight (left tentacle)
 E - a +4 ring of protection (on tentacle)
 I - a ring of protection from cold (on tentacle)
 L - a ring of magical power (on tentacle)
 N - an amulet of reflection (around mantle)
 P - a ring of protection from fire (on tentacle)
Wands
 o - a wand of flame (56)
 r - a wand of quicksilver (1)
 F - a wand of iceblast (16)
 K - a wand of mindburst (11)
 M - a wand of polymorph (6)
Scrolls
 d - 5 scrolls of vulnerability
 e - 8 scrolls of identify
 h - 4 scrolls of enchant armour
 p - 5 scrolls of noise
 s - 2 scrolls of amnesia
 y - 3 scrolls of fog
 z - 2 scrolls of enchant weapon
 A - a scroll of magic mapping
 B - 2 scrolls of fear
 C - 2 scrolls of blinking
 H - a scroll of poison
 J - 6 scrolls of teleportation
 W - a scroll of immolation {unknown}
Potions
 c - 3 potions of magic
 f - 2 potions of attraction
 g - a potion of berserk rage
 j - 4 potions of heal wounds
 l - 4 potions of mutation
 n - a potion of degeneration
 q - 2 potions of resistance
 w - 4 potions of might
 D - a potion of brilliance
 R - a potion of invisibility
 S - a potion of lignification
 U - a potion of curing
 V - a potion of flight
Miscellaneous
 O - a tin of tremorstones (2/2)


   Skills:
 + Level 2.6 Fighting
 + Level 3.3 Short Blades
 + Level 1.3(1.7) Maces & Flails
 + Level 1.4(1.7) Staves
 + Level 4.6 Dodging
 + Level 7.7 Stealth
 * Level 5.9 Shields
 + Level 10.4 Spellcasting
 + Level 7.1 Conjurations
 + Level 2.5 Summonings
 + Level 1.5 Translocations
 + Level 3.1 Transmutations
 + Level 3.8 Fire Magic
 + Level 4.9 Air Magic
 + Level 3.0 Earth Magic
 + Level 8.0 Poison Magic
 + Level 1.6 Evocations


You had 6 spell levels left.
You knew the following spells:

 Your Spells              Type           Power      Damage    Failure   Level
a - Magic Dart            Conj           100%       1d8       1%          1
b - Blink                 Tloc           40%        N/A       4%          2
c - Call Imp              Summ           24%        N/A       2%          2
d - Mephitic Cloud        Conj/Pois/Air  44%        N/A       1%          3
e - Ignite Poison         Fire/Tmut/Pois 36%        N/A       1%          3
f - Conjure Flame         Conj/Fire      39%        6-21      1%          3
g - Stone Arrow           Conj/Erth      74%        3d11      1%          3
h - Sticky Flame          Conj/Fire      39%        2d6       5%          4
i - Olgreb's Toxic Radia  Pois           50%        N/A       1%          4

Your spell library contained the following spells:

 Spells                   Type           Power      Damage    Failure   Level
 Sandblast                Erth           54%        2d13      1%          1
 Sting                    Tmut/Pois      100%       1d8       1%          1
 Poisonous Vapours        Pois/Air       86%        N/A       1%          2
 Passwall                 Tmut/Erth      22%        N/A       2%          2
 Slow                     Hex            48%        N/A       4%          1
 Lesser Beckoning         Tloc           20%        N/A       8%          3
 Teleport Other           Tloc           20%        N/A       8%          3
 Summon Forest            Summ/Tloc      11%        N/A       52%         5
 Manifold Assault         Tloc           20%        N/A       58%         5
 Malign Gateway           Summ/Tloc      11%        N/A       100%        7
 Storm Form               Tmut/Air       16%        N/A       100%        7
 Disjunction              Tloc           10%        N/A       100%        8


Dungeon Overview and Level Annotations

Branches:
Dungeon (11/15)            Temple (1/1) D:5            Lair (0/5) D:11
Ossuary (visited)          Bailey (visited)           IceCv (1/1)
    Orc: D:9-12

Altars:
Ashenzari
Cheibriados
Dithmenos
Elyvilon
Fedhas
Hepliaklqana
Kikubaaqudgha
Makhleb
Nemelex Xobeh
Okawaru
Qazlal
Ru
Sif Muna
Trog
Uskayaw
Vehumet
Xom
Yredelemnul
Zin
The Shining One

Shops:
D:6 *   D:9 (

Annotations:
D:4 Ijyb


Innate Abilities, Weirdness & Mutations

You cannot wear most types of armour.
You are amphibious.
You can wear up to eight rings at the same time.
Your skin changes colour to match your surroundings (Stealth+).
Your rubbery body absorbs attacks. (AC +1, EV +1)
((You are camouflaged when in or above water. (Stealth+)))
You have tentacles for arms and can constrict up to eight enemies at once.
Your system is resistant to poisons. (rPois)
You expend magic power (3 MP) to strengthen your wands.


Message History

Your Earth Magic skill increases to level 3!
You feel yourself speed up.
You start resting.
Your magical contamination has completely faded away.
You start resting.
HP restored.
The stone arrow hits the troll simulacrum!!
The troll simulacrum vaporises!
Sif Muna accepts your kill.
Found a plate armour of cold resistance.
A three-headed hydra simulacrum comes into view.
The stone arrow hits the three-headed hydra simulacrum!
The three-headed hydra simulacrum is heavily damaged.
Unknown command.
The stone arrow hits the three-headed hydra simulacrum!
The three-headed hydra simulacrum is severely damaged.
The three-headed hydra simulacrum bites you.
The three-headed hydra simulacrum freezes you!
You resist.
The three-headed hydra simulacrum bites you but does no damage.
The three-headed hydra simulacrum bites you.
The three-headed hydra simulacrum freezes you!!
You resist.
You are too injured to fight recklessly!
Unknown command.
Casting: Stone Arrow (safe; 1% risk of failure)
Confirm with . or Enter, or press ? or * to list all spells.
You miscast Blink.
You are very lightly contaminated with residual magic.
Nothing appears to happen.
The three-headed hydra simulacrum bites you but does no damage.
The three-headed hydra simulacrum bites you.
The three-headed hydra simulacrum freezes you!!
You resist.
* * * LOW HITPOINT WARNING * * *
The three-headed hydra simulacrum bites you.
* * * LOW HITPOINT WARNING * * *
The three-headed hydra simulacrum freezes you!
You resist.
You die...

##..##.##
##.##.##
#..##.#
##.##.##
##..###.#
##..###..##
#...# ###.#
#...###.#.#
#..###...@##
#..#≈##≈#Z...#
#.##≈≈#≈≈##.##
#.##≈≈≈≈≈≈###
##.#≈≈≈≈≈≈##
#.#≈≈≈≈≈≈≈#
##~~≈≈≈≈≈≈#
##~~≈≈≈≈≈≈#
#~~#≈≈≈≈≈##


You could see a three-headed hydra simulacrum.

Vanquished Creatures
  A two-headed ogre (D:8)
  An orc knight (Bailey)
  A deep elf pyromancer (Bailey)
  A gargoyle (D:10)
  Joseph (D:9)
  4 molten gargoyles (D:9)
  An ice statue (IceCv)
  An unseen horror (D:11)
  A freezing wraith (IceCv)
  2 trolls
  3 slime creatures (D:10)
  3 wyverns
  14 yaks
  A dire elephant simulacrum (IceCv)
  A wraith (D:10)
  2 steam dragons
  Grum (D:9)
  3 death yak simulacra (IceCv)
  3 wargs (D:6)
  3 water moccasins
  3 sky beasts
  2 black bears
  An ice beast (D:9)
  5 orc warriors
  14 ogres
  4 centaurs
  3 wolves (D:9)
  A phantom (D:6)
  6 kobold brigands
  3 bullfrogs
  2 cane toad simulacra (IceCv)
  2 gnoll sergeants (D:6)
  4 two-headed ogre simulacra (IceCv)
  3 scorpions
  5 wights (D:9)
  An elephant simulacrum (IceCv)
  5 howler monkeys
  2 jellies
  A centaur zombie (Ossuary)
  11 hounds
  2 gnoll boudas
  12 orc priests
  Crazy Yiuf (D:3)
  An iguana (D:4)
  17 orc wizards
  9 troll simulacra (IceCv)
  2 spriggan simulacra (IceCv)
  2 polar bear simulacra (IceCv)
  4 ogre zombies (Ossuary)
  7 mummies
  17 gnolls
  5 adders
  9 naga simulacra (IceCv)
  A shadow imp (D:5)
  17 white imps
  4 ufetubi (IceCv)
  2 adder zombies (Ossuary)
  A worm (D:5)
  A dart slug (D:2)
  41 orcs
  6 ball pythons
  6 endoplasms
  3 giant cockroaches
  A gnoll zombie (Ossuary)
  13 goblins
  2 jackals (D:5)
  20 kobolds
  A quokka (D:3)
  5 frilled lizards
  A goblin zombie (Ossuary)
  6 hobgoblin zombies
  7 kobold zombies
  7 quokka zombies (Ossuary)
  5 rats
  3 rat zombies (Ossuary)
367 creatures vanquished.

Vanquished Creatures (collateral kills)
  An orc (D:6)
1 creature vanquished.

Vanquished Creatures (others)
  2 fungi
  4 plants (D:6)
6 creatures vanquished.

Grand Total: 374 creatures vanquished

Notes
Turn   | Place    | Note
-------+----------+-------------------------------------------
     0 | D:1      | Doot the Octopode Hedge Wizard began the quest for the Orb.
     0 | D:1      | Reached XP level 1. HP: 11/11 MP: 4/4
     0 | D:1      | Noticed an ogre
     0 | D:1      | Noticed a barachi
     3 | D:1      | Noticed an elf
     3 | D:1      | Noticed a minotaur
     5 | D:1      | Noticed a merfolk
     6 | D:1      | Noticed a barachi
     7 | D:1      | Noticed a vampire
     8 | D:1      | Noticed a felid
     9 | D:1      | Noticed an elf
    11 | D:1      | Noticed a gargoyle
    11 | D:1      | Noticed a draconian
    13 | D:1      | Noticed a barachi
    16 | D:1      | Noticed a formicid
    18 | D:1      | Noticed a spriggan
    21 | D:1      | Noticed a formicid
    23 | D:1      | Noticed a merfolk
   144 | D:1      | Found a faded altar of an unknown god.
   321 | D:1      | Reached XP level 2. HP: 17/17 MP: 1/6
   324 | D:1      | Learned a level 2 spell: Blink
   327 | D:1      | Learned a level 2 spell: Call Imp
  1549 | D:2      | Reached XP level 3. HP: 21/21 MP: 1/8
  1553 | D:2      | Learned a level 3 spell: Mephitic Cloud
  2233 | D:2      | Reached skill level 4 in Spellcasting
  2233 | D:2      | Reached XP level 4. HP: 18/27 MP: 8/10
  2337 | D:2      | Learned a level 3 spell: Ignite Poison
  2762 | D:3      | Found a radiant altar of Vehumet.
  3058 | D:3      | Reached XP level 5. HP: 21/31 MP: 2/11
  3902 | D:3      | Found a runed translucent door.
  3903 | D:3      | Noticed Crazy Yiuf
  3910 | D:3      | Killed Crazy Yiuf
  4375 | D:4      | Reached skill level 1 in Short Blades
  4375 | D:4      | Reached XP level 6. HP: 37/37 MP: 7/13
  4450 | D:4      | Reached skill level 5 in Spellcasting
  4606 | D:4      | Found a white marble altar of Elyvilon.
  5003 | D:4      | Noticed Ijyb
  5015 | D:5      | Entered Level 5 of the Dungeon
  5064 | D:5      | Found a sand-covered staircase.
  5072 | D:5      | Reached skill level 1 in Fire Magic
  5118 | Ossuary  | Entered an ossuary
  5492 | Ossuary  | Learned a level 3 spell: Conjure Flame
  5861 | Ossuary  | Reached skill level 1 in Fighting
  6125 | Ossuary  | Reached XP level 7. HP: 41/43 MP: 15/15
  7072 | D:5      | Found a staircase to the Ecumenical Temple.
  7114 | D:5      | Found a hazy altar of Hepliaklqana.
  7122 | D:5      | Reached skill level 1 in Poison Magic
  7142 | D:5      | HP: 2/43 [something (2)]
  7143 | D:5      | Reached skill level 1 in Staves
  7151 | D:5      | Gained mutation: Your system is resistant to poisons.
                  | (rPois) [potion of mutation]
  7151 | D:5      | Gained mutation: You expend magic power (3 MP) to
                  | strengthen your wands. [potion of mutation]
  7461 | Temple   | Entered the Ecumenical Temple
  7791 | D:5      | Reached skill level 1 in Air Magic
  7791 | D:5      | Reached XP level 8. HP: 19/48 MP: 3/16
  8833 | D:6      | Reached skill level 1 in Transmutations
  8862 | D:6      | Reached skill level 6 in Spellcasting
  8862 | D:6      | Reached skill level 1 in Evocations
  9088 | D:6      | Reached skill level 5 in Stealth
  9281 | D:6      | Noticed a troll
  9305 | D:6      | Killed a troll
  9306 | D:6      | Reached XP level 9. HP: 54/54 MP: 15/19
  9583 | D:6      | Reached skill level 7 in Spellcasting
 10077 | Temple   | Became a worshipper of Sif Muna the Loreminder
 10134 | D:6      | Reached skill level 5 in Conjurations
 10264 | D:6      | Reached XP level 10. HP: 51/61 MP: 7/21
 10266 | D:6      | Reached skill level 8 in Spellcasting
 10397 | D:6      | Reached * piety under Sif Muna
 10405 | D:6      | Reached skill level 5 in Poison Magic
 10820 | D:6      | Learned a level 3 spell: Stone Arrow
 10825 | D:6      | Learned a level 4 spell: Sticky Flame
 11067 | D:6      | Found Cetec's Assorted Antiques.
 11261 | D:6      | Upgraded the game from 0.29.0-13-gc9e81de378 to
                  | 0.29.0-15-g675c0067aa
 11517 | D:7      | Reached ** piety under Sif Muna
 11599 | D:7      | Found a broken altar of Ashenzari.
 11947 | D:7      | Found a snail-covered altar of Cheibriados.
 12145 | D:7      | Reached skill level 1 in Shields
 12540 | D:8      | Found a flagged portal.
 12562 | Bailey   | Entered a bailey
 12627 | Bailey   | Noticed an orc knight
 12644 | Bailey   | Killed an orc knight
 12722 | Bailey   | Found a large runed translucent door.
 12722 | Bailey   | Found a large runed translucent door.
 12722 | Bailey   | Noticed a deep elf pyromancer
 12798 | Bailey   | Killed a deep elf pyromancer
 12799 | Bailey   | Reached skill level 1 in Earth Magic
 12819 | Bailey   | Got the Writings on Orientation
 13244 | D:8      | Reached XP level 11. HP: 59/65 MP: 23/23
 13473 | D:8      | Reached skill level 9 in Spellcasting
 13558 | D:8      | Found a glowing silver altar of Zin.
 13687 | D:9      | Noticed a two-headed ogre
 13692 | D:8      | Killed a two-headed ogre
 13728 | D:9      | Noticed Joseph
 13740 | D:9      | Killed Joseph
 13842 | D:9      | Reached *** piety under Sif Muna
 14058 | D:9      | Noticed Grum
 14093 | D:9      | Killed Grum
 14891 | D:9      | Learned a level 4 spell: Olgreb's Toxic Radiance
 15185 | D:9      | Found Miut's Antique Weapon Boutique.
 15492 | D:9      | Bought a steaming mace for 208 gold pieces
 15492 | D:9      | Identified the +5 mace of the Unseen Realm {venom, Int+3}
                  | (You bought it in a shop on level 9 of the Dungeon)
 15508 | D:10     | Entered Level 10 of the Dungeon
 15738 | D:10     | Found a blossoming altar of Fedhas.
 15910 | D:10     | Reached skill level 5 in Shields
 16011 | D:10     | Reached **** piety under Sif Muna
 16317 | D:10     | Reached skill level 10 in Spellcasting
 16317 | D:10     | Reached XP level 12. HP: 72/72 MP: 24/26
 16744 | D:11     | Found a staircase to the Lair.
 16749 | D:11     | Reached skill level 1 in Maces & Flails
 16799 | D:11     | Found a frozen archway.
 16862 | IceCv    | Entered an ice cave
 17389 | IceCv    | Got the Catalogue of Shifting
 17413 | IceCv    | Reached ***** piety under Sif Muna
 18016 | IceCv    | Slain by a three-headed hydra simulacrum

Illustrated notes

Levels and vault maps discovered:
D:1:      shiori_arrival_whats_in_store_for_you, layout_loops_ring,
          ebering_ecumenical_altar_mist
D:2:      layout_basic
D:3:      layout_rooms, vehumet_altar_wand_db, serial_aquarium,
          aquarium_bridge_long_separate [aquarium_subvault_bridge,
          aquarium_subvault_wall, aquarium_subvault_bridge,
          aquarium_subvault_wall, aquarium_subvault_bridge,
          aquarium_subvault_bridge], aquarium_window_1, aquarium_window_2,
          aquarium_window_1, aquarium_window_corner, aquarium_view_2d,
          aquarium_balcony_double_4, hex_intersection, uniq_crazy_yiuf_cottage
D:4:      layout_rooms, overflow_temple_1_default, uniq_ijyb
D:5:      layout_layer_cave, nicolae_overflow_hidden_temple,
          minmay_temple_entry_proselytizer, nicolae_ossuary_entry_giza,
          amcnicky_mini_rare_corridor_liquid
D:6:      lemuel_castle_with_subvaults [lemuel_castle_interior_original],
          layout_basic, serial_curves, eino_curves_03, eino_curves_01,
          eino_curves_03, serial_shops, nicolae_stop_n_shop_1
D:7:      layout_basic, cheibriados_altar_1, mainiacjoe_overflow_tiny_flanked
D:8:      layout_cave_pods, lemuel_crystal_altar, enter_bailey_2,
          kennysheep_generic_room_10
D:9:      layout_loops_ring, serial_shops, nicolae_shop_trees, minivault_8,
          uniq_grum, uniq_joseph
D:10:     layout_roguey, lemuel_doored_altar
D:11:     layout_cave_pools, lair_entry_dummy, portal_ice_cave_entry_imps,
          hangedman_ranch
Temple:   nicolae_temple_superstar
IceCv:    ice_cave_caverns_02

Skill      XL: |  1  2  3  4  5  6  7  8  9 10 11 12 |
---------------+-------------------------------------+-----
Spellcasting   | 4 5 6 7 8 10 | 10.4
Conjurations   | 2 3 4 5 6 7 |  7.1
Stealth        | 3 4 5 6 7 |  7.7
Short Blades   | 1 2 3 |  3.3
Fire Magic     | 1 2 3 |  3.8
Fighting       | 1 2 |  2.6
Poison Magic   | 2 3 4 6 7 8 |  8.0
Staves         | 1 |  1.4
Air Magic      | 1 2 3 4 |  4.9
Dodging        | 3 4 |  4.6
Transmutations | 1 2 3 |  3.1
Evocations     | 1 |  1.6
Summonings     | 2 |  2.5
Shields        | 2 5 |  5.9
Earth Magic    | 1 2 3 |  3.0
Maces & Flails | 1 |  1.3
Translocations | |  1.5

Action                   |  1- 3 |  4- 6 |  7- 9 | 10-12 || total
-------------------------+-------+-------+-------+-------++-------
Melee: Dagger            |     7 |    25 |    87 |   114 ||   233
       Tentacles         |     3 |    30 |    28 |    49 ||   110
       Constrict         |     3 |    26 |    20 |    43 ||    92
       Punch             |       |     1 |     3 |     2 ||     6
       Staff             |       |    78 |    21 |       ||    99
       Mace              |       |       |       |    32 ||    32
 Cast: Magic Dart        |    69 |    92 |    40 |     9 ||   210
       Mephitic Cloud    |       |     4 |    52 |    52 ||   108
       Ignite Poison     |       |     2 |     8 |    48 ||    58
       Call Imp          |       |     6 |     4 |       ||    10
       Conjure Flame     |       |     5 |     2 |     1 ||     8
       Blink             |       |       |     3 |     1 ||     4
       Stone Arrow       |       |       |       |   118 ||   118
       Sticky Flame      |       |       |       |     3 ||     3
       Olgreb's Toxic Ra |       |       |       |    12 ||    12
Evoke: Wand              |       |     1 |     7 |       ||     8
  Use: Potion            |       |       |     6 |       ||     6
       Scroll            |       |       |     1 |    18 ||    19
 Stab: Sleeping          |       |     9 |     4 |     7 ||    20
       Confused          |       |       |     3 |     5 ||     8
Armor: Skin              |       |    21 |    49 |    86 ||   156
Dodge: Dodged            |     8 |    55 |    77 |   128 ||   268
Block: Other             |       |       |       |    35 ||    35
       Reflection        |       |       |       |     2 ||     2
